cohdb
Replays
Latest Replays
All Replays
Popular Replays
Top Player Replays
Match Explorer
How It Works
Community
CoH3 Stats
Reddit
Sign in to upload your games and track your stats! →
Sign in with Steam
Match 34638986
Unlisted
Match 34638986
Overview
Messages
Build Orders
End
Selects Special Operations Battlegroup
Selects M29 Weasel Recon Vehicle
M29 Weasel Recon Vehicle
Engineer Squad
Construct Weapon Support Center
M1919 Machine Gun Team
M1919 Machine Gun Team
Infantry Support Center
Selects Raiding Flares
Construct Tank Depot
Selects SSF Commando Squad
SSF Commando Squad
M4A1 Sherman Medium Tank
SSF Commando Squad
Construct Medical Station
Raiding Flares
Advanced Logistics
Selects P-47 Anti-Infantry Loiter
Selects UNKNOWN (2162291)
M4A1 Sherman Whizbang
Improved M9 Bazooka Rockets
Raiding Flares
P-47 Anti-Infantry Loiter
Engineer Squad
M18 Hellcat Tank Destroyer
SSF Commando Squad
Selects Assault Operation
M18 Hellcat Tank Destroyer
P-47 Anti-Infantry Loiter
Engineer Squad
M18 Hellcat Tank Destroyer
Raiding Flares
Dahlian
Turtleboy
companyHOLLAND
Trash magnet
0
0
Comments
sign in to comment!
No comments posted yet!